 Dungeon Crawl Stone Soup version 0.28.0-53-g5a82cb258f (webtiles) character file.

Game seed: 11583378188917861351

54 Ashen the Skirmisher (level 4, -5/32 (37) HPs)
             Began as a Formicid Abyssal Knight on Aug 13, 2022.
             Was a Believer of Lugonu.
             Slain by Crazy Yiuf
             ... wielding a +4 quarterstaff of chaos
              (14 damage)
             ... on level 2 of the Dungeon.
             The game lasted 00:03:12 (1837 turns).

Ashen the Skirmisher (Formicid Abyssal Knight)      Turns: 1837, Time: 00:03:13

HP:   -5/32 (37)    AC:  4    Str: 17    XL:     4   Next: 12%
MP:   6/6           EV: 12    Int: 10    God:    Lugonu [**....]
Gold: 74            SH:  0    Dex: 19    Spells: 3/3 levels left

rFire   . . .      SeeInvis +   a - +1 falchion
rCold   . . .      Faith    .   (no shield)
rNeg    . . .      Spirit   .   b - +0 leather armour
rPois   .          Reflect  .   (helmet unavailable)
rElec   .          Harm     .   m - +0 cloak
rCorr   .          Rampage  .   (no gloves)
Will    +....                   (no boots)
Stlth   +.........              (no amulet)
HPRegen 0.10/turn               i - ring of willpower
MPRegen 0.10/turn               l - +6 ring of dexterity

@: heavily drained
A: permanent stasis, dig shafts and tunnels, antennae 3, four strong arms
a: Dig, Shaft Self, Renounce Religion, Depart the Abyss, Bend Space


You were on level 2 of the Dungeon.
You worshipped Lugonu.
Lugonu was pleased with you.
You visited 1 branch of the dungeon, and saw 2 of its levels.
You visited the Abyss 1 time.

You collected 74 gold pieces.

Inventory:

Hand Weapons
 a - a +1 falchion (weapon)
Armour
 b - a +0 leather armour (worn)
 m - a +0 cloak (worn)
Jewellery
 e - a ring of magical power
 i - a ring of willpower (left hand)
 l - a +6 ring of dexterity (right hand)
Scrolls
 c - 2 scrolls of blinking {unknown}
 d - a scroll of identify {unknown}
 f - a scroll of immolation {unknown}
 j - a scroll of summoning {unknown}
 k - a scroll of fog {unknown}
 n - a scroll of fear {unknown}
Potions
 g - a potion of lignification {unknown}
 h - a potion of magic {unknown}
 o - a potion of flight {unknown}


   Skills:
 + Level 3.7 Fighting
 + Level 2.4 Long Blades
 + Level 2.7 Armour
 + Level 1.5 Dodging
 + Level 2.9 Invocations


You had 3 spell levels left.
You didn't know any spells.
Your spell library contained the following spells:

 Spells                   Type           Power      Damage    Failure   Level
 Ignite Poison            Fire/Tmut/Pois 0%         N/A       80%         3
 Mephitic Cloud           Conj/Pois/Air  0%         N/A       80%         3
 Freezing Cloud           Conj/Ice/Air   0%         6-21      100%        5


Dungeon Overview and Level Annotations

Branches:
Dungeon (2/15)

Altars:

Annotations:
D:2 Crazy Yiuf


Innate Abilities, Weirdness & Mutations

You cannot be hasted, slowed, berserked, paralysed or teleported.
You can dig through walls and to a lower floor.
You have a pair of large antennae on your head. (SInv)
Your four strong arms can wield two-handed weapons with a shield.


Message History

No target in view!
You now have 74 gold pieces (gained 11).
n - a scroll labelled NANIR GONKE
There is a stone staircase leading down here.
o - a glowing brown potion You open the door.
An endoplasm comes into view.
There is an open door here.
The endoplasm quivers.
You slash the endoplasm!
You kill the endoplasm!
Lugonu accepts your kill. As you open the door, it creaks loudly!
There is an open door here.
Press: ? - help, . - travel You can't see that place. [the floor.]
There is an open door here.
There is an open door here.
Crazy Yiuf shouts!
Crazy Yiuf cries, "You leg down broken song, no?"
Crazy Yiuf says, "Snoogle!
Hack bag song."
You open the door. You completely miss Crazy Yiuf.
Crazy Yiuf says, "Whiteboard childish Orb Guardian!"
Crazy Yiuf hits you with a +4 quarterstaff of chaos.
You feel drained.
You slash Crazy Yiuf!
Crazy Yiuf is moderately wounded.
Crazy Yiuf hits you with a +4 quarterstaff of chaos!
You hit Crazy Yiuf.
Crazy Yiuf is heavily wounded.
Crazy Yiuf hits you with a +4 quarterstaff of chaos.
* * * LOW HITPOINT WARNING * * *
You barely miss Crazy Yiuf.
Crazy Yiuf is heavily wounded.
Crazy Yiuf says, "Crazy?
Crazy!?
PORCUPINE!"
Crazy Yiuf misses you.
Crazy Yiuf hits you with a +4 quarterstaff of chaos!
You die...

#.#####.#
#....# #.#
###.# #.#
#....# #.#
..#.# #.#
#...## #.#
..#.# #.#
#...# #.#
..#'## #.##
##.## #.#
.....# #..#
#.## #.#
.....# ####
##.# #.#
.....######
#.## #.#
.....'....#
##@# #.#
.....####.#
#g# #.#
.....# #.#
... #.#
.....# #.#
#...# #.#
#####.. #.#
#..)# #.#
.#.#.##
##### #.#
.# #..# #.#
#####.#
#### ###.#
....# #.#.#


You could see Crazy Yiuf.

Vanquished Creatures
  Robin (D:2)
  2 dart slugs
  3 ball pythons
  2 endoplasms
  9 goblins
  5 hobgoblins
  A kobold (D:1)
  A quokka (D:2)
  4 bats (D:2)
  5 frilled lizards
  3 rats (D:1)
36 creatures vanquished.

Notes
Turn   | Place    | Note
-------+----------+-------------------------------------------
     0 | Abyss:1  | Ashen the Formicid Abyssal Knight began the quest for the
                  | Orb.
     0 | Abyss:1  | Reached XP level 1. HP: 18/18 MP: 2/2
     6 | D:1      | Escaped the Abyss
    66 | D:1      | Reached skill level 1 in Dodging
   285 | D:1      | Reached XP level 2. HP: 22/24 MP: 3/3
   528 | D:1      | Found a faded altar of an unknown god.
   917 | D:1      | Reached XP level 3. HP: 28/29 MP: 4/4
  1009 | D:2      | Reached ** piety under Lugonu
  1239 | D:2      | Noticed Robin
  1259 | D:2      | Killed Robin
  1562 | D:2      | Reached XP level 4. HP: 33/33 MP: 6/6
  1714 | D:2      | Found a runed translucent door.
  1715 | D:2      | Noticed Crazy Yiuf
  1837 | D:2      | Slain by Crazy Yiuf

Illustrated notes

Levels and vault maps discovered:
D:1:      ncdulo_halloftheorcs, layout_basic,
          shapermc_ecumenical_altar_flowoftime, interstate_on_off
D:2:      layout_basic, uniq_robin, uniq_crazy_yiuf_cottage

Skill      XL: |  1 |
---------------+----+-----
Dodging        | 1 |  1.5
Fighting       | |  3.7
Long Blades    | |  2.4
Armour         | |  2.7
Invocations    | |  2.9

Action                   |  1- 3 |  4- 6 || total
-------------------------+-------+-------++-------
Melee: Falchion          |   102 |    13 ||   115
       Punch             |     1 |       ||     1
 Abil: Dig               |     6 |       ||     6
 Stab: Sleeping          |     1 |       ||     1
Armor: Leather armour    |    28 |     1 ||    29
Dodge: Dodged            |    63 |     8 ||    71
